ITL
WABA DUCKS @ INDIANA HOUNDS
09/04/2026
 
TOP OF THE 1ST
Waba Ducks batting - Pitching for Indiana Hounds : RHP Rob Hill
Pitching: RHP Rob Hill
Batting: LHB Javier Orozco 0-0: Ground out U3 (Groundball, 3L)
Batting: RHB Don Keating 0-0: Ball
1-0: Foul Ball, location: 2F
1-1: Ground out 4-3 (Groundball, 4M)
Batting: LHB José Berroa 0-0: Called Strike
0-1: SINGLE (Flyball, 78S)
Batting: RHB Chris Osborn 0-0: Called Strike
0-1: Ball
1-1: Foul Ball, location: 2F
1-2: Ball
2-2: Strikes out swinging
Top of the 1st over - 0 run(s), 1 hit(s), 0 error(s), 1 left on base; Waba 0 - Indiana 0
BOTTOM OF THE 1ST
Indiana Hounds batting - Pitching for Waba Ducks : RHP Tyrone Williams
Pitching: RHP Tyrone Williams
Batting: RHB Octávio Marín 0-0: Foul Ball, location: 2F
0-1: Ball
1-1: Called Strike
1-2: Strikes out swinging
Batting: LHB Dave Watson 0-0: Ball
1-0: Called Strike
1-1: Ball
2-1: SINGLE (Groundball, 34D)
Batting: RHB Doug Murray 0-0: Called Strike
0-1: SINGLE (Line Drive, 89S)
Dave Watson to second
Batting: LHB Dave Helásquez 0-0: Ball
1-0: Ball
2-0: Ball
3-0: Base on Balls
Dave Watson to third
Doug Murray to second
Batting: RHB Danny Walker 0-0: Swinging Strike
0-1: Ball
1-1: Ball
2-1: Ball
Passed Ball!
Dave Watson scores
Doug Murray to third
Dave Helásquez to second
3-1: Foul Ball, location: 2F
3-2: Foul Ball, location: 2F
3-2: Strikes out swinging
Batting: RHB Shawn Marshall 0-0: Ball
1-0: Ball
2-0: Ball
3-0: Base on Balls
Batting: LHB Clint Parkinson 0-0: Swinging Strike
0-1: Ball
1-1: Ball
2-1: Ball
3-1: Foul Ball, location: 2F
3-2: Base on Balls
Doug Murray scores
Dave Helásquez to third
Shawn Marshall to second
Batting: RHB António Venecia 0-0: Called Strike
0-1: Ball
1-1: Foul Ball, location: 2F
1-2: DOUBLE (Line Drive, 5D)
Dave Helásquez scores
Shawn Marshall scores
Clint Parkinson to third
Runner from 3rd tries for Home, throw and OUT!
Bottom of the 1st over - 4 run(s), 3 hit(s), 0 error(s), 1 left on base; Waba 0 - Indiana 4
TOP OF THE 2ND
Waba Ducks batting - Pitching for Indiana Hounds : RHP Rob Hill
Batting: LHB Joe Sanders 0-0: Ball
1-0: Ball
2-0: Ball
3-0: Called Strike
3-1: Base on Balls
Batting: RHB Ed Small 0-0: Ball
1-0: Called Strike
1-1: Ball
2-1: Fly out, F2 (Popup, 2LF)
Batting: LHB Jack Hewat 0-0: Foul Ball, location: 2F
0-1: Called Strike
Joe Sanders steals 2nd base
0-2: Foul Ball, location: 2F
0-2: Fly out, F7 (Flyball, 7M)
Batting: RHB Pedro Molina 0-0: Called Strike
0-1: Ground out 6-3 (Groundball, 6)
Top of the 2nd over - 0 run(s), 0 hit(s), 0 error(s), 1 left on base; Waba 0 - Indiana 4
BOTTOM OF THE 2ND
Indiana Hounds batting - Pitching for Waba Ducks : RHP Tyrone Williams
Batting: RHB Carlos Moya 0-0: Ball
1-0: Swinging Strike
1-1: Swinging Strike
1-2: SINGLE (Groundball, 56D)
Batting: RHB Octávio Marín 0-0: Ball
1-0: Swinging Strike
1-1: SINGLE (Groundball, 56D)
Carlos Moya to second
Batting: LHB Dave Watson 0-0: Called Strike
0-1: Ball
1-1: Ball
2-1: SINGLE (Groundball, 3D)
Carlos Moya to third
Octávio Marín to second
Runner from 3rd tries for Home, SAFE, no throw or cutoff
Batting: RHB Doug Murray 0-0: Ball
1-0: Ball
2-0: Ball
3-0: Base on Balls
Octávio Marín to third
Dave Watson to second
Batting: LHB Dave Helásquez 0-0: Ball
1-0: Foul Ball, location: 2F
1-1: Called Strike
1-2: Strikes out swinging
Batting: RHB Danny Walker 0-0: Called Strike
0-1: Ball
1-1: Ball
2-1: GRAND SLAM HOME RUN (Flyball, 89XD), Distance : 402 ft
Pitching: LHP Dale Spencer
Batting: RHB Shawn Marshall 0-0: Called Strike
0-1: Swinging Strike
0-2: SINGLE (Line Drive, 89S)
Batting: LHB Clint Parkinson 0-0: Ball
Shawn Marshall steals 2nd base
1-0: Ball
2-0: Ground out 3-6 (Groundball, 3S)
Shawn Marshall to third
Batting: RHB António Venecia 0-0: Ball
1-0: Fly out, F8 (Flyball, 8LM)
Bottom of the 2nd over - 5 run(s), 5 hit(s), 0 error(s), 1 left on base; Waba 0 - Indiana 9
TOP OF THE 3RD
Waba Ducks batting - Pitching for Indiana Hounds : RHP Rob Hill
Batting: RHB Ángelo García 0-0: Called Strike
0-1: Swinging Strike
0-2: Ball
1-2: SINGLE (Flyball, 7S)
Batting: LHB Javier Orozco 0-0: Called Strike
0-1: Ball
1-1: Ground out 4-3 (Groundball, 4M)
Ángelo García to second
Batting: RHB Don Keating 0-0: Ball
1-0: Foul Ball, location: 2F
1-1: Called Strike
1-2: Ball
2-2: Strikes out swinging
Batting: LHB José Berroa 0-0: Foul Ball, location: 2F
0-1: Ball
1-1: 2-RUN HOME RUN (Flyball, 8LXD), Distance : 390 ft
Batting: RHB Chris Osborn 0-0: Ball
1-0: Ball
2-0: Called Strike
2-1: Called Strike
2-2: Strikes out swinging
Top of the 3rd over - 2 run(s), 2 hit(s), 0 error(s), 0 left on base; Waba 2 - Indiana 9
BOTTOM OF THE 3RD
Indiana Hounds batting - Pitching for Waba Ducks : LHP Dale Spencer
Batting: RHB Carlos Moya 0-0: Ball
1-0: Called Strike
1-1: SINGLE (Groundball, 4MD)
Batting: RHB Octávio Marín 0-0: Ground out 4-3 (Groundball, 4M)
Carlos Moya to second
Batting: LHB Dave Watson 0-0: Ball
1-0: Fly out, F8 (Flyball, 8RS)
Batting: RHB Doug Murray 0-0: Ball
1-0: Ball
2-0: Ground out 4-3 (Groundball, 4)
Bottom of the 3rd over - 0 run(s), 1 hit(s), 0 error(s), 1 left on base; Waba 2 - Indiana 9
TOP OF THE 4TH
Waba Ducks batting - Pitching for Indiana Hounds : RHP Rob Hill
Batting: LHB Joe Sanders 0-0: Ball
1-0: Foul Ball, location: 2F
1-1: Ball
2-1: Called Strike
2-2: Ball
3-2: Foul Ball, location: 2F
3-2: SINGLE (Groundball, 34D)
Batting: RHB Ed Small 0-0: Ball
1-0: Ball
2-0: Ground out 5-3 (Groundball, 5S)
Joe Sanders to second
Batting: LHB Jack Hewat 0-0: Called Strike
0-1: SINGLE (Line Drive, 78S)
Joe Sanders to third
Batting: RHB Pedro Molina 0-0: Called Strike
0-1: Fly out, F9 (Flyball, 9D)
Runner from 3rd tags up, SCORES, no throw
Batting: RHB Ángelo García 0-0: Called Strike
0-1: Ball
1-1: Foul Ball, location: 2F
1-2: Foul Ball, location: 2F
1-2: Ball
2-2: Foul Ball, location: 2F
2-2: SINGLE (Line Drive, 7LS)
Jack Hewat to second
Batting: LHB Javier Orozco 0-0: Ball
1-0: Ball
2-0: Called Strike
2-1: Foul Ball, location: 2F
2-2: DOUBLE (Groundball, 3L)
Jack Hewat scores
Ángelo García to third
Runner from 3rd tries for Home, SAFE, no throw or cutoff
Batting: RHB Don Keating 0-0: Called Strike
0-1: Ball
1-1: Called Strike
1-2: Ball
2-2: Ball
3-2: Foul Ball, location: 2F
3-2: DOUBLE (Groundball, 5L)
Javier Orozco scores
Batting: LHB José Berroa 0-0: Ball
1-0: DOUBLE (Groundball, 3L)
Don Keating scores
Batting: RHB Chris Osborn 0-0: Ground out 1-3 (Groundball, 13S)
Top of the 4th over - 5 run(s), 6 hit(s), 0 error(s), 1 left on base; Waba 7 - Indiana 9
BOTTOM OF THE 4TH
Indiana Hounds batting - Pitching for Waba Ducks : LHP Dale Spencer
Batting: LHB Dave Helásquez 0-0: SINGLE (Line Drive, 9S)
Batting: RHB Danny Walker 0-0: Swinging Strike
0-1: Foul Ball, location: 2F
0-2: Ball
1-2: Strikes out swinging
Batting: RHB Shawn Marshall 0-0: Ball
1-0: Ball
2-0: Foul Ball, location: 2F
2-1: Ball
3-1: Called Strike
3-2: Base on Balls
Dave Helásquez to second
Batting: LHB Clint Parkinson 0-0: Called Strike
0-1: Fly out, F8 (Line Drive, 8RXD)
Runner from 2nd tags up, SAFE at 3rd, no throw
Batting: RHB António Venecia 0-0: Ball
1-0: Ball
2-0: Swinging Strike
2-1: Ball
3-1: Foul Ball, location: 2F
3-2: Reached on Error, E9 (Flyball, 9M)
Dave Helásquez scores
Shawn Marshall to third
Batting: RHB Carlos Moya 0-0: Swinging Strike
0-1: Ball
1-1: Ball
2-1: Foul Ball, location: 2F
2-2: SINGLE (Line Drive, 6M)
Shawn Marshall scores
António Venecia to third
Batting: RHB Octávio Marín 0-0: Called Strike
0-1: Ground out 5-3 (Groundball, 5S)
Bottom of the 4th over - 2 run(s), 2 hit(s), 1 error(s), 2 left on base; Waba 7 - Indiana 11
TOP OF THE 5TH
Waba Ducks batting - Pitching for Indiana Hounds : RHP Rob Hill
Batting: LHB Joe Sanders 0-0: Fly out, F8 (Flyball, 8LD)
Batting: RHB Ed Small 0-0: Ball
1-0: Fly out, F4 (Popup, 4)
Batting: LHB Jack Hewat 0-0: Ball
1-0: Ball
2-0: Ball
3-0: Base on Balls
Batting: RHB Pedro Molina 0-0: Ball
1-0: Foul Ball, location: 2F
1-1: Fielders Choice at 2nd, U6 (Groundball, 6M)
Top of the 5th over - 0 run(s), 0 hit(s), 0 error(s), 1 left on base; Waba 7 - Indiana 11
BOTTOM OF THE 5TH
Indiana Hounds batting - Pitching for Waba Ducks : LHP Dale Spencer
Batting: LHB Dave Watson 0-0: Foul Ball, location: 2F
0-1: Ball
1-1: Ground out 1-3 (Groundball, 15S)
Batting: RHB Doug Murray 0-0: Foul Ball, location: 2F
0-1: Fly out, F8 (Flyball, 8LM)
Batting: LHB Dave Helásquez 0-0: Foul Ball, location: 2F
0-1: Ball
1-1: Called Strike
1-2: Ball
2-2: Ground out 6-3 (Groundball, 6)
Bottom of the 5th over - 0 run(s), 0 hit(s), 0 error(s), 0 left on base; Waba 7 - Indiana 11
TOP OF THE 6TH
Waba Ducks batting - Pitching for Indiana Hounds : RHP Rob Hill
Pitching: LHP Dennis Taylor
Batting: RHB Ángelo García 0-0: Ball
1-0: Swinging Strike
1-1: Ball
2-1: Foul Ball, location: 2F
2-2: Ball
3-2: DOUBLE (Popup, 34D)
Batting: LHB Javier Orozco 0-0: Called Strike
0-1: Fly out, F9 (Flyball, 89M)
Batting: RHB Don Keating 0-0: Swinging Strike
0-1: Foul Ball, location: 2F
0-2: Ball
1-2: Ball
2-2: Ground out 6-3 (Groundball, 6)
Ángelo García to third
Batting: LHB José Berroa 0-0: Called Strike
0-1: Ball
1-1: Ball
2-1: Called Strike
2-2: Foul Ball, location: 2F
2-2: Ball
3-2: Base on Balls
Batting: RHB Chris Osborn 0-0: Called Strike
0-1: Ball
1-1: Foul Ball, location: 2F
1-2: Fly out, F9 (Popup, 89S)
Top of the 6th over - 0 run(s), 1 hit(s), 0 error(s), 2 left on base; Waba 7 - Indiana 11
BOTTOM OF THE 6TH
Indiana Hounds batting - Pitching for Waba Ducks : LHP Dale Spencer
Batting: RHB Danny Walker 0-0: Called Strike
0-1: Called Strike
0-2: Ball
1-2: Ball
2-2: Foul Ball, location: 2F
2-2: Ball
3-2: Base on Balls
Batting: RHB Shawn Marshall 0-0: SINGLE (Line Drive, 9S)
Danny Walker to second
Runner from 2nd tries for 3rd, SAFE, throw made to third
Batting: LHB Clint Parkinson 0-0: Ball
1-0: Ball
2-0: Ball
3-0: Base on Balls
Shawn Marshall to second
Batting: RHB António Venecia 0-0: Ball
1-0: Fly out, F7 (Flyball, 7M)
Runner from 3rd tags up, SCORES, throw made
Pitching: RHP François Boudreault
Batting: RHB Carlos Moya 0-0: SINGLE (Groundball, 4M) (infield hit)
Shawn Marshall to third
Clint Parkinson to second
Batting: RHB Octávio Marín 0-0: Swinging Strike
0-1: Called Strike
0-2: Ball
1-2: DOUBLE (Line Drive, 89XD)
Shawn Marshall scores
Clint Parkinson scores
Carlos Moya to third
Runner from 3rd tries for Home, SAFE, no throw or cutoff
Batting: LHB Dave Watson 0-0: Ball
1-0: Called Strike
1-1: Foul Ball, location: 2F
1-2: Strikes out looking
Batting: RHB Doug Murray 0-0: Called Strike
0-1: Foul Ball, location: 2F
0-2: Ball
1-2: Foul Ball, location: 2F
1-2: Foul Ball, location: 2F
1-2: Ball
2-2: Strikes out swinging
Bottom of the 6th over - 4 run(s), 3 hit(s), 0 error(s), 1 left on base; Waba 7 - Indiana 15
TOP OF THE 7TH
Waba Ducks batting - Pitching for Indiana Hounds : LHP Dennis Taylor
Batting: LHB Joe Sanders 0-0: Ball
1-0: Foul Ball, location: 2F
1-1: Foul Ball, location: 2F
1-2: Strikes out swinging
Batting: RHB Ed Small 0-0: SINGLE (Groundball, 56)
Batting: LHB Jack Hewat 0-0: Ball
1-0: Ball
2-0: Ball
3-0: Called Strike
3-1: Base on Balls
Ed Small to second
Batting: RHB Pedro Molina 0-0: Called Strike
0-1: Swinging Strike
0-2: Ball
1-2: Ball
2-2: Foul Ball, location: 2F
2-2: Ground out 6-3 (Groundball, 56D)
Ed Small to third
Jack Hewat to second
Batting: RHB Ángelo García 0-0: SINGLE (Groundball, 4MD)
Ed Small scores
Jack Hewat to third
Runner from 3rd tries for Home, SAFE, no throw or cutoff
Batting: LHB Javier Orozco 0-0: Ball
1-0: Called Strike
1-1: Swinging Strike
1-2: Strikes out swinging
Top of the 7th over - 2 run(s), 2 hit(s), 0 error(s), 1 left on base; Waba 9 - Indiana 15
BOTTOM OF THE 7TH
Indiana Hounds batting - Pitching for Waba Ducks : RHP François Boudreault
Batting: LHB Dave Helásquez 0-0: Called Strike
0-1: Foul Ball, location: 2F
0-2: Foul Ball, location: 2F
0-2: SINGLE (Flyball, 7S)
Batting: RHB Danny Walker 0-0: Fly out, F9 (Line Drive, 89M)
Batting: RHB Shawn Marshall 0-0: Ball
1-0: Ball
2-0: Ball
3-0: Base on Balls
Dave Helásquez to second
Batting: LHB Clint Parkinson 0-0: Called Strike
0-1: Foul Ball, location: 2F
0-2: Fly out, F8 (Flyball, 89XD)
Runner from 2nd tags up, SAFE at 3rd, no throw
Batting: RHB António Venecia 0-0: Ball
1-0: SINGLE (Flyball, 7S)
Dave Helásquez scores
Shawn Marshall to second
Batting: RHB Carlos Moya 0-0: Called Strike
0-1: Called Strike
0-2: SINGLE (Flyball, 8RS)
Shawn Marshall to third
António Venecia to second
Runner from 3rd tries for Home, SAFE, no throw or cutoff
Pitching: RHP Andrew Barnard
Batting: RHB Octávio Marín 0-0: Foul Ball, location: 2F
0-1: Swinging Strike
0-2: Strikes out looking
Bottom of the 7th over - 2 run(s), 3 hit(s), 0 error(s), 2 left on base; Waba 9 - Indiana 17
TOP OF THE 8TH
Waba Ducks batting - Pitching for Indiana Hounds : LHP Dennis Taylor
Pitching: RHP Ronald Moore
Batting: RHB Don Keating 0-0: Fly out, F6 (Popup, 78S)
Batting: LHB José Berroa 0-0: Ball
1-0: Ball
2-0: Called Strike
2-1: Foul Ball, location: 2F
2-2: Ball
3-2: Base on Balls
Batting: RHB Chris Osborn 0-0: Ball
1-0: Fly out, F5 (Line Drive, 56)
Batting: LHB Joe Sanders 0-0: Ball
1-0: SINGLE (Line Drive, 34)
José Berroa to second
Batting: RHB Ed Small 0-0: Called Strike
0-1: Foul Ball, location: 2F
0-2: Ball
1-2: Ball
2-2: Ball
3-2: Base on Balls
José Berroa to third
Joe Sanders to second
Batting: LHB Jack Hewat 0-0: Ball
1-0: Ball
2-0: Foul Ball, location: 2F
2-1: Foul Ball, location: 2F
2-2: Ball
3-2: Foul Ball, location: 2F
3-2: Foul Ball, location: 2F
3-2: Foul Ball, location: 2F
3-2: Strikes out looking
Top of the 8th over - 0 run(s), 1 hit(s), 0 error(s), 3 left on base; Waba 9 - Indiana 17
BOTTOM OF THE 8TH
Indiana Hounds batting - Pitching for Waba Ducks : RHP Andrew Barnard
Batting: LHB Dave Watson 0-0: Swinging Strike
0-1: Called Strike
0-2: Ball
1-2: Strikes out swinging
Batting: RHB Doug Murray 0-0: Ball
1-0: Ball
2-0: Ball
3-0: Base on Balls
Batting: LHB Dave Helásquez 0-0: Called Strike
0-1: Ball
1-1: Ball
2-1: SINGLE (Groundball, 6M)
Doug Murray to second
Batting: RHB Danny Walker 0-0: Foul Ball, location: 2F
0-1: Swinging Strike
0-2: Strikes out swinging
Batting: RHB Shawn Marshall 0-0: Called Strike
0-1: Ground out 5-3 (Groundball, 5S)
Bottom of the 8th over - 0 run(s), 1 hit(s), 0 error(s), 2 left on base; Waba 9 - Indiana 17
TOP OF THE 9TH
Waba Ducks batting - Pitching for Indiana Hounds : RHP Ronald Moore
Batting: RHB Pedro Molina 0-0: Ball
1-0: SINGLE (Line Drive, 8LS)
Batting: RHB Ángelo García 0-0: Ball
1-0: Called Strike
1-1: Called Strike
1-2: Ball
2-2: Strikes out swinging
Batting: LHB Javier Orozco 0-0: Ball
1-0: Swinging Strike
1-1: Grounds into double play, 4-6-3 (Groundball, 4)
Top of the 9th over - 0 run(s), 1 hit(s), 0 error(s), 0 left on base; Waba 9 - Indiana 17
Monday, December 5th, 2016 - OOTP Baseball 17.12 Build 75